 Dungeon Crawl Stone Soup version 0.18.1-48-g4cf74bf (webtiles) character file.

195 Gargoyl the Skirmisher (level 5, -22/42 HPs)
             Began as a Demonspawn Abyssal Knight on July 12, 2016.
             Was a Believer of Lugonu.
             Annihilated by an ogre
             ... wielding a +0 giant club
              (29 damage)
             ... on level 4 of the Dungeon.
             The game lasted 00:04:30 (2507 turns).

Gargoyl the Skirmisher (Demonspawn Abyssal Knight)  Turns: 2507, Time: 00:04:31

Health: -22/42     AC:  9    Str: 15    XL:     5   Next: 45%
Magic:  7/7        EV:  6    Int: 13    God:    Lugonu [**....]
Gold:   251        SH:  3    Dex: 13    Spells: 0 memorised, 4 levels left

rFire  + . .     SeeInvis .     a - +1 hand axe
rCold  . . .     Gourm    .     f - +0 chain mail
rNeg   . . .     Faith    .     w - +0 buckler
rPois  .         Spirit   .     (no helmet)
rElec  .         Dismiss  .     (no cloak)
rCorr  .         Reflect  .     (no gloves)
SustAt .         Harm     .     (no boots)
MR     .....                    (no amulet)
Stlth  ..........               t - ring of protection from fire
                                o - +2 ring of strength

@: not resistant to hostile enchantments, extremely unstealthy
A: claws 1, spiny 1
a: Depart the Abyss, Bend Space, Renounce Religion


You were on level 4 of the Dungeon.
You worshipped Lugonu.
Lugonu was pleased with you.
You were not hungry.

You visited 1 branch of the dungeon, and saw 4 of its levels.
You visited the Abyss 1 time.

You collected 251 gold pieces.

Inventory:

Hand Weapons
 a - a +1 hand axe (weapon)
Armour
 f - a +0 chain mail (worn)
 w - a +0 buckler (worn)
Jewellery
 o - a +2 ring of strength (left claw)
 t - a ring of protection from fire (right claw)
Scrolls
 d - 8 scrolls of identify {unknown}
 j - 5 scrolls of remove curse {unknown}
 l - a scroll of enchant weapon {unknown}
 m - a scroll of teleportation {unknown}
 n - a scroll of magic mapping {unknown}
 p - a scroll of blinking {unknown}
 q - 3 scrolls of random uselessness {unknown}
 y - a scroll of recharging {unknown}
Potions
 b - 4 potions of curing {unknown}
 e - a potion of invisibility {unknown}
 h - 2 potions of degeneration {unknown}
 i - 2 potions of lignification {unknown}
 k - 3 potions of flight {unknown}
 r - a potion of agility {unknown}
 s - a potion of brilliance {unknown}
 u - a potion of ambrosia {unknown}
 v - 2 potions of heal wounds {unknown}
Comestibles
 c - 4 bread rations
 g - a meat ration
 x - a beef jerky
 z - 2 chunks of flesh


   Skills:
 + Level 4.2 Fighting
 + Level 2.3 Axes
 * Level 3.6 Armour
 + Level 1.1 Dodging
 + Level 0.2 Stealth
 + Level 0.3 Shields
 + Level 2.9 Invocations


You had 4 spell levels left.
You didn't know any spells.

Dungeon Overview and Level Annotations

Branches:
Dungeon (4/15)
 Temple: D:4-7

Altars:
Ashenzari
Gozag
Qazlal

Shops:
D:2 *


Innate Abilities, Weirdness & Mutations

You have sharp fingernails.
You are partially covered in sharp spines.


Message History

The ogre is moderately wounded.
The ogre hits you with a giant club!!
Ouch! That really hurt!
You slash the ogre!
The ogre is heavily wounded.
You hit the ogre.
The ogre is severely wounded.
You block the ogre's attack.
You hit the ogre.
The ogre is severely wounded.
The ogre hits you with a giant club!
* * * LOW HITPOINT WARNING * * *
You hit the ogre but do no damage.
The ogre is severely wounded.
The ogre is struck by your spines. The ogre barely misses you.
You hit the ogre.
The ogre is almost dead.
The ogre hits you with a giant club!!
Ouch! That really hurt!
You die...

......# ......#
...........# ####+##
..........# ###<.#####
#.........#
...........#.........#
...........#......$..#
...........#.........#
.....##....#.........#+#
##...##....#....@O......
###+###....#............
## ..##....+..........<.
.# ........#............
.# ........#............
.# ........#............
.# ........#............
##########..............
###.......#########....


You could see an ogre.

Vanquished Creatures
  A hound (D:4)
  An orc wizard (D:4)
  A worker ant (D:3)
  5 adders
  3 dart slugs (D:1)
  2 giant geckos
  3 orcs
  A giant cockroach (D:2)
  7 hobgoblins
  4 jackals (D:3)
  3 quokkas
  9 bats
  2 giant newts (D:2)
  10 goblins
  5 kobolds
  4 rats
61 creatures vanquished.

Notes
Turn   | Place    | Note
--------------------------------------------------------------
     0 | Abyss:1  | Gargoyl the Demonspawn Abyssal Knight began the quest for the Orb.
     0 | Abyss:1  | Reached XP level 1. HP: 18/18 MP: 2/2
   120 | Abyss:3  | Noticed a thrashing horror
   124 | D:1      | Escaped the Abyss
   193 | D:1      | Reached * piety under Lugonu
   258 | D:1      | Gained mutation: You are partially covered in sharp spines. [demonic ancestry]
   258 | D:1      | Reached XP level 2. HP: 14/24 MP: 3/3
   661 | D:1      | Gained mutation: You have sharp fingernails. [demonic ancestry]
   661 | D:1      | Reached XP level 3. HP: 29/29 MP: 4/4
   864 | D:2      | Found Gozag's Platinum Reserve.
   864 | D:2      | Found an opulent altar of Gozag.
  1355 | D:2      | Reached ** piety under Lugonu
  1624 | D:2      | Reached XP level 4. HP: 37/37 MP: 5/5
  1769 | D:3      | Reached skill level 4 in Fighting
  1893 | D:3      | Reached skill level 1 in Dodging
  2191 | D:3      | Found a stormy altar of Qazlal.
  2347 | D:4      | Found a shattered altar of Ashenzari.
  2355 | D:4      | Reached XP level 5. HP: 42/42 MP: 7/7
  2495 | D:4      | Noticed an ogre
  2507 | D:4      | Annihilated by an ogre

Skill      XL: |  1  2  3  4 |
---------------+-------------+-----
Armour         | 2 3 |  3.6
Axes           | 2 |  2.3
Fighting       | 4 |  4.2
Dodging        | 1 |  1.1
Stealth        | |  0.2
Shields        | |  0.3
Invocations    | |  2.9

Action                   |  1- 3 |  4- 6 || total
-------------------------+-------+-------++-------
Melee: Hand axe          |    62 |    38 ||   100
Invok: Depart the Abyss  |     1 |       ||     1
  Eat: Chunk             |     2 |     3 ||     5
Armor: Chain mail        |    49 |    22 ||    71
Dodge: Dodged            |    22 |    17 ||    39
Block: Buckler           |       |    10 ||    10
